[Event "Titled Tuesday Blitz August 09 Early 2022"]
[White "Mardov, Dimitar"]
[Black "Weetik, Vjacheslav"]
[WhiteFideId "30919495"]
[BlackFideId "4153472"]
[WhiteElo "2854"]
[BlackElo "2709"]
[Result "0-1"]
[Round "08"]
[TimeControl "180+1"]
[Date "2022.08.09"]
[WhiteClock "0:00:12"]
[BlackClock "0:00:11"]

1. e4 c6 2. d4 d5 3. e5 Bf5 4. h4 Qb6 5. g4 Bd7 6. Nc3 h5 7. gxh5 Bf5 8. Bh3 Bxh3 9. Nxh3 e6 10. f4 Nh6 11. Ne2 Nf5 12. Ng5 c5 13. c3 Nc6 14. Nf3 Rxh5 15. Kf2 cxd4 16. cxd4 Be7 17. Ng3 Nxg3 18. Kxg3 O-O-O 19. Be3 Rdh8 20. Rc1 Kb8 21. Qb3 Qxb3 22. axb3 Bd8 23. Bf2 Ne7 24. Kg2 Nf5 25. Rc2 Bxh4 26. Nxh4 Nxh4+ 27. Bxh4 Rxh4 28. Rxh4 Rxh4 29. Kg3 Rh1 30. Rd2 Kc7 31. Kg4 Rg1+ 32. Kf3 Kb6 33. Rh2 Rf1+ 34. Ke3 Re1+ 35. Kd3 Re4 36. Rh7 Rxf4 37. Rxg7 Kb5 38. Rg8 Kb4 39. Rb8 b5 40. Ke3 Re4+ 41. Kd3 a5 42. Rb7 Rf4 43. Ke3 Rf1 44. Ke2 Rb1 45. Rxf7 Rxb2+ 46. Ke3 Rxb3+ 47. Kf4 a4 48. Kg5 a3 49. Ra7 Kc3 50. Kf6 Kb2 51. Kxe6 a2 52. Rxa2+ Kxa2 53. Kxd5 Rc3 54. e6 b4 55. e7 Re3 56. Kd6 b3 57. Kd7 b2 58. e8=Q Rxe8 59. Kxe8 b1=Q 60. d5 Qb5+ 0-1


[Site "https://www.chess.com"]

[Event "Titled Tuesday Blitz August 09 Early 2022"]
[White "Martinez Alcantara, Jose Eduardo"]
[Black "Csonka, Balazs"]
[WhiteFideId "3805662"]
[BlackFideId "742910"]
[WhiteElo "3025"]
[BlackElo "2757"]
[Result "1/2-1/2"]
[Round "08"]
[TimeControl "180+1"]
[Date "2022.08.09"]
[WhiteClock "0:00:17"]
[BlackClock "0:00:03"]

1. c4 c6 2. g3 d5 3. Nf3 Nf6 4. Bg2 dxc4 5. O-O b5 6. a4 Bb7 7. b3 cxb3 8. Qxb3 a6 9. Ba3 e6 10. Bxf8 Kxf8 11. d4 g6 12. Nbd2 Kg7 13. Qb1 Nbd7 14. Nb3 Rc8 15. Rc1 Qb6 16. a5 Qa7 17. Nfd2 c5 18. Bxb7 Qxb7 19. dxc5 Rhd8 20. Qb2 Qd5 21. Rc2 Qe5 22. Rac1 Qxb2 23. Rxb2 Ne5 24. Kg2 Rc7 25. Rbc2 Rdc8 26. Nf3 Nxf3 27. Kxf3 Nd5 28. e4 Nb4 29. Rd2 Kf8 30. Ke3 Ke7 31. Rcd1 Nc6 32. f4 Nd8 33. Rc1 Nb7 34. Rdc2 Nd8 35. h4 h5 36. Kf3 Nc6 37. Rd2 Nd8 38. Kg2 Rd7 39. Rxd7+ Kxd7 40. Kf3 Ke7 41. Ke3 Nc6 42. f5 exf5 43. exf5 Kf6 44. fxg6 Re8+ 45. Kf2 fxg6 46. Rd1 Re5 47. Rd6+ Re6 48. Rd5 Re5 49. Rd7 Re7 50. Rd1 Re4 51. Kg2 Ke7 52. Rd6 Re6 53. Rd1 Re3 54. Nc1 Rc3 55. Nd3 b4 56. Nf4 Rxc5 57. Nxg6+ Kf6 58. Nf4 Nxa5 59. Rd6+ Ke7 60. Rxa6 Rb5 61. Ra7+ Kf6 62. Ra8 b3 63. Rf8+ Ke7 64. Ng6+ Kd7 65. Rf7+ Ke6 66. Rf1 b2 67. Nf4+ Ke7 68. Rb1 Nc4 69. Nd3 Rb3 70. Re1+ Kf7 71. Nxb2 Rxb2+ 72. Kf3 Rb3+ 73. Kf4 Nd6 74. Re5 Rb4+ 75. Kf3 Kg7 76. Rxh5 Nf7 77. Rc5 Rb3+ 78. Kf4 Rb4+ 79. Kf3 Rb3+ 80. Kg4 Rb4+ 81. Kh3 Rb3 82. h5 Kh6 83. Kh4 Rb1 84. Rc6+ Kh7 85. Ra6 Rh1+ 86. Kg4 Kg7 87. Ra5 Nh6+ 88. Kf4 Rf1+ 89. Kg5 Rf7 90. g4 Ng8 91. Ra6 Rb7 92. Rg6+ Kh7 93. Ra6 Rb5+ 94. Kh4 Rb4 95. Ra7+ Kh6 96. Rf7 Rc4 97. Kg3 Rc3+ 98. Kf4 Rc4+ 99. Kf5 Rc5+ 100. Ke6 Rg5 101. Rf4 Kg7 102. Rb4 Nh6 103. Rb7+ Kh8 104. Rb8+ Rg8 105. Rb6 Nxg4 106. Kf5 Kh7 107. Ra6 Nh6+ 108. Kf4 Rf8+ 109. Kg5 Rf5+ 110. Kh4 Rf4+ 111. Kg5 Rg4+ 112. Kf6 Ng8+ 113. Kf5 Rg1 114. Ra8 Kh6 115. Ra2 Ne7+ 116. Ke5 Kxh5 117. Kf6 Nd5+ 118. Kf5 Ne3+ 119. Ke4 Ng4 120. Kf5 Rf1+ 121. Ke4 Rf8 122. Ra5+ Kh4 123. Ra6 Kg3 124. Ra3+ Kh4 125. Ra7 Re8+ 126. Kf4 Rf8+ 127. Ke4 Kg5 128. Ra5+ Kg6 129. Ra1 Nf6+ 130. Kf4 Re8 131. Kf3 Kf5 132. Rh1 Ng4 133. Ra1 Re3+ 134. Kg2 Rb3 135. Ra6 Kf4 136. Ra8 Kg5 137. Rg8+ Kf4 138. Kf1 Kg3 139. Ke2 Rb2+ 140. Kd3 Rf2 141. Kc3 Rf3+ 142. Kc4 Rf4+ 143. Kd3 Kf3 144. Ra8 Ne5+ 145. Kd2 Rd4+ 146. Ke1 Nd3+ 147. Kf1 Nf4 148. Ra3+ Nd3 149. Ra8 Rb4 150. Rf8+ Nf4 151. Ke1 Rd4 152. Rf7 Rd5 153. Rf8 Rd6 154. Rf7 Rd5 155. Rf8 Ke3 156. Re8+ Kf3 157. Rf8 1/2-1/2


[Site "https://www.chess.com"]

[Event "Titled Tuesday Blitz August 09 Early 2022"]
[White "Martinez, Shawn"]
[Black "Baches Garcia, Guillermo"]
[WhiteFideId "2039770"]
[BlackFideId "2209764"]
[WhiteElo "2174"]
[BlackElo "2507"]
[Result "1-0"]
[Round "08"]
[TimeControl "180+1"]
[Date "2022.08.09"]
[WhiteClock "0:00:07"]
[BlackClock "0:00:08"]

1. e4 c5 2. Nc3 d6 3. Bb5+ Bd7 4. Bxd7+ Qxd7 5. f4 Nf6 6. Nf3 e6 7. O-O Be7 8. d3 O-O 9. Qe1 Nc6 10. h3 a6 11. Be3 b5 12. Rd1 b4 13. Ne2 c4 14. Ng3 cxd3 15. cxd3 Qb7 16. d4 d5 17. e5 Ne4 18. f5 exf5 19. Nxf5 Qd7 20. g4 Kh8 21. Nd2 g6 22. Nh6 Kg7 23. Nxe4 dxe4 24. Qf2 Nd8 25. d5 Nb7 26. d6 Bd8 27. Qg3 Qe6 28. g5 Rc8 29. Ng4 Nc5 30. Nf6 Nd3 31. Qh4 Bxf6 32. gxf6+ Kh8 33. Qh6 Rg8 34. Rd2 Rc4 35. Rg2 Qxe5 36. Rg5 Rc2 37. Rxe5 Nxe5 38. d7 Nf3+ 39. Rxf3 exf3 40. Qg7+ Rxg7 41. fxg7+ Kg8 42. d8=Q+ Kxg7 43. Bd4+ Kh6 44. Qh4# 1-0


[Site "https://www.chess.com"]

[Event "Titled Tuesday Blitz August 09 Early 2022"]
[White "Melikhov, Evgeny V."]
[Black "Sailer, Mike"]
[WhiteFideId "4122046"]
[BlackFideId "2012901"]
[WhiteElo "1963"]
[BlackElo "2109"]
[Result "1-0"]
[Round "08"]
[TimeControl "180+1"]
[Date "2022.08.09"]
[WhiteClock "0:00:20"]
[BlackClock "0:00:04"]

1. e4 d5 2. exd5 Qxd5 3. Nc3 Qd6 4. d4 Nf6 5. Nf3 c6 6. Be2 Bg4 7. O-O e6 8. Ne5 Bxe2 9. Nxe2 Nbd7 10. Bf4 Nxe5 11. Bxe5 Qd8 12. Ng3 Bd6 13. Qe2 O-O 14. Rad1 Qe7 15. a3 Rfe8 16. c4 Rad8 17. h3 Bxe5 18. dxe5 Nd7 19. Rfe1 a5 20. Rd6 Nb6 21. Red1 Nc8 22. R6d3 Qc7 23. Qe4 Rxd3 24. Rxd3 Rd8 25. Rxd8+ Qxd8 26. Kh2 h6 27. Qg4 Ne7 28. Ne4 Nf5 29. Nd6 Nxd6 30. Qd4 Kf8 31. exd6 b6 32. b4 axb4 33. axb4 f6 34. c5 e5 35. Qe4 Qd7 36. Qh7 bxc5 37. bxc5 Kf7 38. Qh8 e4 39. Qb8 Qe6 40. Qc7+ Kg6 41. d7 e3 42. fxe3 1-0


[Site "https://www.chess.com"]

[Event "Titled Tuesday Blitz August 09 Early 2022"]
[White "Melikyan, Gnel"]
[Black "Shuvalov, Evgenij"]
[WhiteFideId "54109990"]
[BlackFideId "4187237"]
[WhiteElo "1772"]
[BlackElo "2058"]
[Result "1-0"]
[Round "08"]
[TimeControl "180+1"]
[Date "2022.08.09"]
[WhiteClock "0:01:09"]
[BlackClock "0:00:56"]

1. e4 e6 2. d4 d5 3. e5 c5 4. c3 Nc6 5. Nf3 Qb6 6. a3 Bd7 7. b4 cxd4 8. cxd4 Rc8 9. Bb2 Nge7 10. Nbd2 Nb8 11. Bd3 Bb5 12. Qe2 Bxd3 13. Qxd3 Qa6 14. Ke2 Ng6 15. g3 Be7 16. Rhc1 Kd7 17. Nb3 Qxd3+ 18. Kxd3 b6 19. b5 Rxc1 20. Rxc1 Rc8 21. Ra1 h6 22. a4 Kc7 23. a5 Kb7 24. Ba3 Bxa3 25. Rxa3 Nd7 26. Nfd2 Ne7 27. Ra1 Nf5 28. f4 h5 29. Rg1 g6 30. a6+ Kb8 31. Na1 Nf8 32. Rb1 Nd7 33. Nc2 Rh8 34. Nb4 Ka8 35. Rc1 Kb8 36. Nf3 Nh6 37. Nc6+ Ka8 38. Ne7 Kb8 39. Ng5 Re8 40. Nc6+ Ka8 41. h3 Nb8 42. Nb4 Nf5 43. Rc7 Nxg3 44. Nxf7 Rf8 45. Nc6 Nxc6 46. bxc6 b5 47. Nd6 b4 48. Nb5 b3 49. Rxa7+ Kb8 50. Rb7+ Kc8 51. Nd6+ Kd8 52. Rd7# 1-0


[Site "https://www.chess.com"]

[Event "Titled Tuesday Blitz August 09 Early 2022"]
[White "Mika, Tomasz"]
[Black "Ginzburg, Yakov"]
[WhiteFideId "1132970"]
[BlackFideId "4157176"]
[WhiteElo "2126"]
[BlackElo "2265"]
[Result "0-1"]
[Round "08"]
[TimeControl "180+1"]
[Date "2022.08.09"]
[WhiteClock "0:00:08"]
[BlackClock "0:00:08"]

1. c4 c6 2. g3 h5 3. Nf3 d5 4. cxd5 cxd5 5. Bg2 Nc6 6. d4 Nf6 7. Nc3 Bf5 8. Qb3 Qb6 9. Qxb6 axb6 10. Bf4 e6 11. O-O Be7 12. Rfc1 Ne4 13. Bc7 Nxc3 14. Rxc3 b5 15. e3 Kd7 16. Bb6 b4 17. Rcc1 Ra6 18. Bc5 Rha8 19. a3 Bxc5 20. Rxc5 bxa3 21. bxa3 Rxa3 22. Rac1 Ra1 23. Bf1 Rxc1 24. Rxc1 Ra5 25. Nd2 Kd6 26. Nb3 Ra7 27. Bb5 Na5 28. Nc5 b6 29. Na4 Nc4 30. Bxc4 Rxa4 31. Bb5 Rb4 32. Rc6+ Ke7 33. Rxb6 Kf6 34. Rb7 Rb1+ 35. Kg2 h4 36. gxh4 Be4+ 37. Kh3 Rg1 38. Be8 Bf5# 0-1


[Site "https://www.chess.com"]

[Event "Titled Tuesday Blitz August 09 Early 2022"]
[White "Mikhnenko, Alexander"]
[Black "Machidon, Cristi"]
[WhiteFideId "34143014"]
[BlackFideId "13904590"]
[WhiteElo "2134"]
[BlackElo "2312"]
[Result "0-1"]
[Round "08"]
[TimeControl "180+1"]
[Date "2022.08.09"]
[WhiteClock "0:00:30"]
[BlackClock "0:01:16"]

1. e4 Nc6 2. d4 e5 3. dxe5 Nxe5 4. f4 Ng6 5. Nf3 Bc5 6. Bc4 d6 7. Bxf7+ Kxf7 8. Ng5+ Kf8 9. Qd5 Qe8 10. Nc3 Nf6 11. Qc4 h6 12. Nf3 Bf5 13. e5 Bb6 14. Bd2 dxe5 15. O-O-O e4 16. Ne5 Nxe5 17. fxe5 Qxe5 18. Rhe1 Re8 19. Be3 Be6 20. Qb4+ c5 21. Qa4 Kg8 22. Rf1 Bf7 23. Bf4 Qe6 24. Rd6 Qc4 25. Qxc4 Bxc4 26. Be3 Bxf1 0-1


[Site "https://www.chess.com"]

[Event "Titled Tuesday Blitz August 09 Early 2022"]
[White "Miszler, Levente"]
[Black "Omariev, Maksim"]
[WhiteFideId "763276"]
[BlackFideId "4193423"]
[WhiteElo "1966"]
[BlackElo "2505"]
[Result "0-1"]
[Round "08"]
[TimeControl "180+1"]
[Date "2022.08.09"]
[WhiteClock "0:00:01"]
[BlackClock "0:00:02"]

1. Nf3 d5 2. c4 c6 3. b3 Nf6 4. Bb2 Bf5 5. d3 e6 6. g3 Be7 7. Bg2 h6 8. O-O O-O 9. Nbd2 Bh7 10. a3 Nbd7 11. b4 a5 12. Qb3 Qb6 13. Bc3 axb4 14. axb4 dxc4 15. Nxc4 Qc7 16. b5 Nd5 17. Bb2 Nc5 18. Qc2 cxb5 19. Nce5 Rfc8 20. Rfc1 Rxa1 21. Rxa1 Na4 22. Qxc7 Rxc7 23. Bd4 f6 24. Ng4 Ndc3 25. Kf1 e5 26. Bxc3 Nxc3 27. Ne3 Bg6 28. Nd2 Bf7 29. Ra7 Na4 30. Bxb7 Bf8 31. Nd5 Rd7 32. e4 Nc5 33. Ra8 Rxb7 34. Ne3 Nxd3 35. Ke2 Nc5 36. Nf5 Ne6 37. Nb3 b4 38. Ke3 Rd7 0-1


[Site "https://www.chess.com"]

[Event "Titled Tuesday Blitz August 09 Early 2022"]
[White "Mohammed, Dilshad"]
[Black "Omelja, Artem"]
[WhiteFideId "5050421"]
[BlackFideId "14119846"]
[WhiteElo "2102"]
[BlackElo "2382"]
[Result "0-1"]
[Round "08"]
[TimeControl "180+1"]
[Date "2022.08.09"]
[WhiteClock "0:00:37"]
[BlackClock "0:00:49"]

1. Nf3 d5 2. c4 c6 3. e3 Nf6 4. Nc3 e6 5. d4 Nbd7 6. c5 b6 7. cxb6 axb6 8. Bd3 Bd6 9. O-O O-O 10. e4 c5 11. e5 cxd4 12. exf6 dxc3 13. fxg7 Re8 14. bxc3 Nc5 15. Bxh7+ Kxh7 16. Ng5+ Kxg7 17. Qh5 Qf6 18. Qh7+ Kf8 19. f4 Ke7 20. f5 Rh8 21. fxe6 Qxf1+ 22. Kxf1 Rxh7 23. Nxh7 Nxe6 24. Be3 Ba6+ 25. Kg1 Bc5 26. Bxc5+ bxc5 27. Re1 Rg8 28. h4 f6 29. h5 Kf7 30. Rf1 Bxf1 0-1


[Site "https://www.chess.com"]

[Event "Titled Tuesday Blitz August 09 Early 2022"]
[White "Moreira, Ronaldo Alonso"]
[Black "Legenia, Artem"]
[WhiteFideId "2110547"]
[BlackFideId "14136945"]
[WhiteElo "2037"]
[BlackElo "1936"]
[Result "0-1"]
[Round "08"]
[TimeControl "180+1"]
[Date "2022.08.09"]
[WhiteClock "0:01:40"]
[BlackClock "0:02:37"]

1. d4 d5 2. c4 e6 3. Nc3 c5 4. e3 Nf6 5. Nf3 dxc4 6. Bxc4 cxd4 7. exd4 a6 8. O-O Bb4 9. Bg5 Bxc3 10. bxc3 O-O 11. Qe2 b5 12. Bd3 Bb7 13. Ne5 Nbd7 14. Nxd7 Qxd7 15. Bxf6 gxf6 16. Qh5 f5 17. Rae1 Qd5 18. Re3 Qxg2# 0-1


[Site "https://www.chess.com"]

[Event "Titled Tuesday Blitz August 09 Early 2022"]
[White "Najdin, Danil"]
[Black "Mouhamad, Joachim"]
[WhiteFideId "4172426"]
[BlackFideId "656410"]
[WhiteElo "2240"]
[BlackElo "2147"]
[Result "1-0"]
[Round "08"]
[TimeControl "180+1"]
[Date "2022.08.09"]
[WhiteClock "0:00:34"]
[BlackClock "0:00:18"]

1. Nc3 d5 2. e4 c6 3. d4 dxe4 4. Nxe4 Bf5 5. Ng3 Bg6 6. Nf3 Nd7 7. h4 h6 8. h5 Bh7 9. Bd3 Bxd3 10. Qxd3 Ngf6 11. Bd2 e6 12. O-O-O Be7 13. Ne4 Nxe4 14. Qxe4 Nf6 15. Qd3 Qd5 16. c4 Qe4 17. Be3 Qxd3 18. Rxd3 Ng4 19. Kc2 Nxe3+ 20. fxe3 O-O-O 21. e4 Bf6 22. e5 Be7 23. Nd2 f5 24. exf6 Bxf6 25. Nf3 Rhg8 26. Re1 Rde8 27. Rde3 Kd7 28. Ne5+ Bxe5 29. Rxe5 g6 30. R1e2 gxh5 31. Rxh5 Rg6 32. a4 Rf8 33. a5 Rf4 34. Kd3 Rf1 35. a6 bxa6 36. Ra5 Rd1+ 37. Kc3 Rg3+ 38. Kb4 Rxd4 39. Rxa6 Kd6 40. Rxa7 c5+ 41. Kb5 Rb3+ 42. Ka4 Rb4+ 43. Ka3 Rbxc4 44. Ra6+ Kd5 45. Rexe6 Rd3+ 46. Ka2 Rcd4 47. Rxh6 Rg3 48. Rh5+ Kc4 49. Ra4+ Kd3 50. Ra3+ 1-0


[Site "https://www.chess.com"]

[Event "Titled Tuesday Blitz August 09 Early 2022"]
[White "Nakamura, Hikaru"]
[Black "Bortnyk, Olexandr"]
[WhiteFideId "2016192"]
[BlackFideId "14120828"]
[WhiteElo "3214"]
[BlackElo "3068"]
[Result "1-0"]
[Round "08"]
[TimeControl "180+1"]
[Date "2022.08.09"]
[WhiteClock "0:00:38"]
[BlackClock "0:00:02"]

1. e4 Nf6 2. Qe2 d6 3. d4 e5 4. c3 Be7 5. Nf3 O-O 6. g3 d5 7. Nxe5 dxe4 8. Bg2 c5 9. dxc5 Qc7 10. Nc4 Bg4 11. Qc2 Qxc5 12. Ne3 Nc6 13. Nd2 Rfe8 14. O-O Qh5 15. Nxe4 Bf3 16. Nxf6+ Bxf6 17. Qf5 Qxf5 18. Nxf5 Bxg2 19. Kxg2 Re2 20. Ne3 Ne5 21. Rd1 Bg5 22. Kf1 Bxe3 23. Kxe2 Bb6 24. Be3 Bc7 25. Bf4 Re8 26. Kf1 g5 27. Bxe5 Rxe5 28. Rd7 Bb6 29. Re1 Ra5 30. a3 Rb5 31. b4 g4 32. c4 Rf5 33. c5 1-0


[Site "https://www.chess.com"]

[Event "Titled Tuesday Blitz August 09 Early 2022"]
[White "Nazari, Arad"]
[Black "Kravtsiv, Martyn"]
[WhiteFideId "12577324"]
[BlackFideId "14113147"]
[WhiteElo "2758"]
[BlackElo "2806"]
[Result "0-1"]
[Round "08"]
[TimeControl "180+1"]
[Date "2022.08.09"]
[WhiteClock "0:00:07"]
[BlackClock "0:00:20"]

1. e4 e5 2. Nf3 Nc6 3. Bb5 a6 4. Ba4 Nf6 5. O-O Be7 6. Re1 b5 7. Bb3 O-O 8. a4 b4 9. d4 d6 10. dxe5 Nxe5 11. Bf4 Bb7 12. Nbd2 Nfd7 13. Bxe5 Nxe5 14. Nxe5 dxe5 15. Nc4 Bf6 16. Na5 Rb8 17. Qe2 Qc8 18. Rad1 Ba8 19. Bc4 Rb6 20. Bd5 c6 21. Bb3 Qc7 22. Nc4 Rbb8 23. Rd3 Rbd8 24. Red1 Be7 25. Rxd8 Rxd8 26. Rxd8+ Bxd8 27. Qd3 Be7 28. Ne3 Bb7 29. Qc4 Bf8 30. h3 a5 31. Ng4 Bd6 32. Ne3 Bc8 33. Qd3 g6 34. Bc4 Bc5 35. b3 Kg7 36. Qe2 h5 37. Qd3 Bd4 38. h4 Qe7 39. g3 Qf6 40. Kg2 Qe7 41. Qe2 Qc5 42. Qf3 Qe7 43. Qe2 Bb7 44. Qf3 Qd7 45. Qe2 Bc8 46. Qf3 f6 47. Kg1 Qh3 48. Bf1 Qd7 49. Bc4 Bc5 50. Qd1 Qd4 51. Qxd4 exd4 52. Ng2 Bg4 53. Kf1 g5 54. Be2 Bh3 55. Bxh5 gxh4 56. gxh4 Bd6 57. Be8 c5 58. Bb5 Bh2 59. Be2 Kh6 60. Bf3 c4 61. bxc4 d3 62. cxd3 b3 63. Bd1 b2 64. Bc2 Kh5 65. f3 Bg3 66. Kg1 Bd7 67. c5 Bxa4 68. Bb1 Bb3 69. d4 a4 70. d5 a3 71. d6 a2 0-1


[Site "https://www.chess.com"]

[Event "Titled Tuesday Blitz August 09 Early 2022"]
[White "Nemurov, Aleksandr"]
[Black "Shpanko, Nadiia"]
[WhiteFideId "4194187"]
[BlackFideId "14132400"]
[WhiteElo "2190"]
[BlackElo "2139"]
[Result "1-0"]
[Round "08"]
[TimeControl "180+1"]
[Date "2022.08.09"]
[WhiteClock "0:00:09"]
[BlackClock "0:00:02"]

1. b3 g6 2. Bb2 Nf6 3. Bxf6 exf6 4. c4 f5 5. Nc3 Bg7 6. g3 O-O 7. e3 c6 8. Nge2 d6 9. Bg2 Nd7 10. O-O a5 11. d4 Nb6 12. Qd3 a4 13. b4 c5 14. bxc5 dxc5 15. Nd5 Nxd5 16. Bxd5 Rb8 17. Rab1 b5 18. dxc5 Be6 19. Rbd1 b4 20. Qc2 Qa5 21. Bxe6 fxe6 22. Nf4 Rfe8 23. Rd7 b3 24. axb3 axb3 25. Qd3 Qxc5 26. Rb1 b2 27. h4 Bf6 28. Rd6 Rbd8 29. Rd7 Qc6 30. Rxd8 Rxd8 31. Qb3 Ra8 32. c5 Ra1 33. Qc2 Rxb1+ 34. Qxb1 Qe4 35. Nd3 Kg7 36. Qc2 Qf3 37. Nxb2 Bxb2 38. Qxb2+ Kh6 39. Qd4 Qc6 40. Qd6 Qa4 41. Qf8+ Kh5 42. Qd8 h6 43. Qd4 Qa8 44. Kh2 g5 45. hxg5 hxg5 46. Qc4 Qf3 47. Qc2 Qc6 48. Kg1 g4 49. Qc4 Qf3 50. Qd3 Qc6 51. Qc4 Qf3 52. Qc2 Qc6 53. Qd2 Qf3 54. Qc1 Qc6 55. Qc2 Qf3 56. c6 f4 57. exf4 Qd5 58. c7 Qa5 59. c8=Q Qe1+ 60. Kg2 Qe4+ 61. Qxe4 e5 62. Qcf5+ Kh6 63. Qg6# 1-0


[Site "https://www.chess.com"]

[Event "Titled Tuesday Blitz August 09 Early 2022"]
[White "Niyazgulova, Marina"]
[Black "Bristy, Mukherjee"]
[WhiteFideId "24142573"]
[BlackFideId "25077325"]
[WhiteElo "1986"]
[BlackElo "1661"]
[Result "1-0"]
[Round "08"]
[TimeControl "180+1"]
[Date "2022.08.09"]
[WhiteClock "0:00:30"]
[BlackClock "0:01:31"]

1. d4 f5 2. c4 Nf6 3. Nc3 e6 4. g3 Be7 5. Bg2 d6 6. Nf3 O-O 7. O-O Qe8 8. Bf4 Nc6 9. Re1 Ne4 10. h4 Nxc3 11. bxc3 Bf6 12. e4 fxe4 13. Rxe4 Qg6 14. Qe2 e5 15. dxe5 Bf5 16. Re3 dxe5 17. Nxe5 Nxe5 18. Bxe5 Bxe5 19. Rxe5 Bd3 20. Qe3 Bxc4 21. Bxb7 Rab8 22. Bd5+ Bxd5 23. Rxd5 Rb2 24. Rd2 Rxd2 25. Qxd2 h6 26. Re1 Rf3 27. Qd5+ Qf7 28. Re8+ Kh7 29. Qe4+ g6 30. Re7 1-0


[Site "https://www.chess.com"]

[Event "Titled Tuesday Blitz August 09 Early 2022"]
[White "Ouellet, Maili-Jade"]
[Black "Smietanska, Wiktoria"]
[WhiteFideId "2620472"]
[BlackFideId "21869359"]
[WhiteElo "1899"]
[BlackElo "1883"]
[Result "1-0"]
[Round "08"]
[TimeControl "180+1"]
[Date "2022.08.09"]
[WhiteClock "0:01:25"]
[BlackClock "0:00:06"]

1. d4 Nf6 2. c4 g6 3. Nc3 Bg7 4. e4 d6 5. f3 O-O 6. Be3 e5 7. d5 a5 8. Qd2 Na6 9. g4 h5 10. h3 Nc5 11. Nge2 Bd7 12. Rg1 a4 13. Bg5 hxg4 14. hxg4 a3 15. b3 Rb8 16. Ng3 Qe8 17. Rh1 b5 18. cxb5 Nh7 19. Be3 Qc8 20. Qh2 Nf6 21. g5 Nh5 22. Nxh5 gxh5 23. Qxh5 Re8 24. Qh7+ Kf8 25. g6 fxg6 26. Bh6 Re7 27. Qh8+ Kf7 28. Qxg7+ 1-0


[Site "https://www.chess.com"]

[Event "Titled Tuesday Blitz August 09 Early 2022"]
[White "Ovezdurdyyeva, Jemal"]
[Black "Kiseljova, Marya"]
[WhiteFideId "14001888"]
[BlackFideId "4155009"]
[WhiteElo "1946"]
[BlackElo "1697"]
[Result "0-1"]
[Round "08"]
[TimeControl "180+1"]
[Date "2022.08.09"]
[WhiteClock "0:01:48"]
[BlackClock "0:00:04"]

1. e4 c5 2. Nf3 Nc6 3. c3 Nf6 4. Bd3 e5 5. O-O Be7 6. Bc2 d5 7. exd5 Nxd5 8. d4 cxd4 9. cxd4 exd4 10. Nxd4 Nxd4 11. Qxd4 O-O 12. Rd1 Be6 13. Qe4 g6 14. Bb3 Nf6 15. Qxb7 Qe8 16. Bxe6 fxe6 17. Bh6 Rf7 18. Qb3 Ng4 19. Be3 Rb8 20. Qxe6 Nxe3 21. Qxe3 Rxb2 22. Nc3 Rfxf2 23. Qxf2 Rxf2 24. Kxf2 Bc5+ 25. Kf1 Qf7+ 26. Ke2 Qf2+ 27. Kd3 Qe3+ 28. Kc4 Bb6 29. Nd5 Qc5+ 30. Kb3 Qb5+ 31. Kc2 Qc4+ 32. Kd2 Qxd5+ 33. Ke2 Qe4+ 34. Kd2 Qe3+ 35. Kc2 Bd4 36. Rab1 Qc3# 0-1


[Site "https://www.chess.com"]

[Event "Titled Tuesday Blitz August 09 Early 2022"]
[White "Papasimakopoulos, Alexandros"]
[Black "Avinash, Ramesh"]
[WhiteFideId "4244125"]
[BlackFideId "45018340"]
[WhiteElo "2693"]
[BlackElo "2799"]
[Result "0-1"]
[Round "08"]
[TimeControl "180+1"]
[Date "2022.08.09"]
[WhiteClock "0:01:06"]
[BlackClock "0:00:45"]

1. d4 Nf6 2. c4 e6 3. Nc3 d5 4. cxd5 exd5 5. Bg5 c6 6. e3 Be7 7. Bd3 Nbd7 8. Qc2 h6 9. Bh4 Nh5 10. Bxe7 Qxe7 11. O-O-O Nb6 12. Kb1 Be6 13. Nf3 O-O-O 14. Na4 Nxa4 15. Qxa4 Kb8 16. Rc1 Nf6 17. Rc3 Ne4 18. Ra3 b5 19. Qc2 Rc8 20. Ne5 Qb7 21. Bxe4 dxe4 22. Qxe4 c5 23. Qxb7+ Kxb7 24. Rc3 cxd4 25. exd4 b4 26. Rc5 Rxc5 27. dxc5 Rd8 28. Kc2 Rd5 29. Nd3 Bf5 30. Rd1 Rxc5+ 31. Kb3 Rd5 32. Kc4 Be6 33. Nc5+ Kc6 34. Rxd5 Bxd5+ 35. Kxb4 a5+ 36. Kxa5 Kxc5 37. b4+ Kc6 38. a4 Bxg2 39. b5+ Kb7 40. Kb4 f5 41. Kc5 g5 42. Kd4 Kb6 43. Ke5 Be4 44. Kf6 g4 45. Kg6 Ka5 46. Kxh6 Kxa4 47. b6 Kb5 0-1


[Site "https://www.chess.com"]

[Event "Titled Tuesday Blitz August 09 Early 2022"]
[White "Pinero Rodriguez, Carlos Jose"]
[Black "Martin Barcelo, Carles"]
[WhiteFideId "3901726"]
[BlackFideId "24561444"]
[WhiteElo "2053"]
[BlackElo "1922"]
[Result "1-0"]
[Round "08"]
[TimeControl "180+1"]
[Date "2022.08.09"]
[WhiteClock "0:00:35"]
[BlackClock "0:00:06"]

1. e4 d5 2. exd5 Qxd5 3. Nc3 Qd8 4. g3 c6 5. Bg2 Nf6 6. Nge2 Bf5 7. O-O e6 8. d3 Be7 9. Be3 O-O 10. Re1 Nd5 11. Nxd5 exd5 12. Bd4 Nd7 13. a4 a5 14. Nf4 Bf6 15. Bxf6 Qxf6 16. c3 Rfe8 17. d4 h6 18. Qd2 Qd6 19. Rxe8+ Rxe8 20. Re1 Re7 21. Rxe7 Qxe7 22. Qe3 Qxe3 23. fxe3 Nb6 24. b4 axb4 25. cxb4 Nxa4 26. b5 Nc3 27. bxc6 bxc6 28. Kf2 g5 29. Ne2 Nxe2 30. Kxe2 Kf8 31. Kd2 Ke7 32. Kc3 Kd6 33. Kb4 Bd3 34. Bf3 f5 35. Bh5 Be4 36. Be2 Bc2 37. Bh5 Bd3 38. Bf3 Bb5 39. Bh5 Ke7 40. Kc5 Ba4 41. Be2 Ke6 42. Ba6 Kd7 43. Bd3 Ke6 44. Ba6 h5 45. Bc8+ Kf6 46. Bd7 Bc2 47. Bxc6 f4 48. exf4 gxf4 49. gxf4 Kf5 50. Bxd5 Kxf4 51. Bf7 Be4 52. Bxh5 Kg5 53. Be8 Kh6 54. Bc6 Bf5 55. Kd6 Kg7 56. Ke5 Bc2 57. Kf4 Bb3 58. Kg5 Bc4 59. h4 Bb3 60. Kf5 Bc4 61. Ke5 Bb3 62. Bd5 Bd1 63. Be6 Bf3 64. Kf4 Bb7 65. Kg5 Bf3 66. h5 Bg2 67. h6+ Kh8 68. Kg6 Bc6 69. Kf6 Be4 70. Bf5 Bd5 71. Ke5 Bb3 72. Be6 Bd1 73. d5 Bf3 74. d6 Bc6 75. Kf6 Bb5 76. Ke7 Bc6 77. Bd7 Bd5 78. Bb5 1-0


[Site "https://www.chess.com"]

[Event "Titled Tuesday Blitz August 09 Early 2022"]
[White "Ponce Cano, Adrian"]
[Black "Shuvalova, Polina"]
[WhiteFideId "22296913"]
[BlackFideId "24171760"]
[WhiteElo "2261"]
[BlackElo "2330"]
[Result "0-1"]
[Round "08"]
[TimeControl "180+1"]
[Date "2022.08.09"]
[WhiteClock "0:00:15"]
[BlackClock "0:00:05"]

1. e4 c6 2. d4 d5 3. Nc3 dxe4 4. Nxe4 Nf6 5. Nxf6+ exf6 6. c3 Bd6 7. Bd3 O-O 8. Ne2 h5 9. Be3 Re8 10. Qd2 Nd7 11. O-O-O Nf8 12. Rde1 Qa5 13. Kb1 Be6 14. b3 Bf5 15. Bxf5 Qxf5+ 16. Qc2 Qa5 17. Nf4 Bxf4 18. Bxf4 Ng6 19. Bc1 h4 20. g3 h3 21. Kb2 Qh5 22. Qd3 a5 23. f3 a4 24. f4 axb3 25. axb3 Qa5 26. Rxe8+ Rxe8 27. Bd2 Qd5 28. Re1 Rxe1 29. Bxe1 Qg2+ 30. Qd2 Qe4 31. Bf2 f5 32. Qe3 Qg2 33. Qe8+ Nf8 34. Qe2 Qxh2 35. Qf1 Ne6 36. Kc2 Qg2 37. Qxg2 hxg2 38. Kd3 g5 39. Ke3 Kh7 40. Kf3 f6 41. Be3 Kg6 42. Kxg2 Nc7 43. c4 Kh5 44. Kf3 b5 45. Bd2 Ne6 46. Be3 Nc7 47. Bf2 Kg6 48. Be3 Kh6 49. g4 Kg6 50. gxf5+ Kxf5 51. fxg5 fxg5 52. Bd2 Ne6 53. Be3 Nc7 54. Bc1 Ne8 55. d5 cxd5 56. cxb5 Nd6 57. b6 g4+ 58. Ke3 Nb7 59. Kd4 Ke6 60. Bf4 Nd8 61. Kc5 Nb7+ 62. Kc6 Na5+ 63. Kc7 Nxb3 64. b7 Nc5 65. b8=Q Na6+ 66. Kb7 Nxb8 67. Kxb8 Kf5 68. Bg3 d4 69. Kc7 d3 70. Be1 g3 0-1


[Site "https://www.chess.com"]